Kings vs Red Wings

Created - April 2, 2020 at 19:10

Goals
1 2 3 T
Kings 1 1 1 3
Red Wings 1 4 2 7
Shots
1 2 3 T
Kings 12 12 5 29
Red Wings 7 23 9 39

1st period

1. Red Wings , Philip Samuelsson 7 (Connor Brown 39, Mike Richards 52) at 3:54
2. Kings , Jeff Schultz 5 (Anze Kopitar 51, Nikita Kucherov 29) at 15:52 (PP)

Penalties :
Petr Pohl (Det) for Interference (Minor) at 15:42

2nd period

3. Red Wings , Connor Brown 30 (Philip Samuelsson 25, Karl Alzner 18) at 5:16 (PP)
4. Kings , Anze Kopitar 36 (Nikita Kucherov 30, Gabriel Landeskog 25) at 9:30
5. Red Wings , Teuvo Teravainen 10 (Nick Bjugstad 27, Petr Pohl 17) at 12:29
6. Red Wings , Petr Pohl 7 (Philip Samuelsson 26, Nick Bjugstad 28) at 13:16
7. Red Wings , Nick Bjugstad 16 (Teuvo Teravainen 5) at 19:10

Penalties :
Darnell Nurse (LAK) for Tripping (Minor) at 4:58, Jean-Gabriel Pageau (LAK) for Diving (Minor) at 19:24

3rd period

8. Red Wings , Alex Picard 23 (Connor Brown 40, Nick Bjugstad 29) at 5:49 (PP)
9. Kings , Daniel Carcillo 12 (Peter Regin 15, Ryan Murray 12) at 7:34
10. Red Wings , Alex Picard 24 (Connor Brown 41, Philip Samuelsson 27) at 12:05 (PP)

Penalties :
Philip Samuelsson (Det) for Hooking (Minor) at 2:12, Adam Burish (LAK) for Hooking (Minor) at 4:37, Jean-Gabriel Pageau (LAK) for Hooking (Minor) at 8:35, Clarke MacArthur (LAK) for Hooking (Minor) at 11:52, Matt Martin (LAK) for Interference (Minor) at 0:00

Goalie Stats

Jaroslav Halak (LAK), 32 saves from 39 shots - (0.821), L, 22-23-3, 60:00 minutes
James Reimer (Det), 26 saves from 29 shots - (0.897), W, 23-21-5, 60:00 minutes

Players Stats for Kings

Player Name              G  A  P  +/- PIM S  H  SB GA TA FO     MP     PP MP  PK MP  
------------------------------------------------------------------------------------
Adam Burish              0  0  0   0  2   0  1  0  0  0  0/0    11:28   0:00   0:47 
Anze Kopitar             1  1  2  -1  0   4  0  0  3  1  17/34  20:38   1:12   1:08 
Blake Wheeler            0  0  0  -2  0   1  0  2  0  1  3/9    18:49   0:00   3:52 
Clarke MacArthur         0  0  0  -2  2   2  2  1  0  0  0/0    13:36   0:57   0:00 
Daniel Carcillo          1  0  1   1  0   2  1  0  1  1  0/1    12:50   0:00   3:52 
Darnell Nurse            0  0  0  -1  2   1  2  0  0  2  0/0    18:41   0:00   3:32 
Dougie Hamilton          0  0  0   0  0   0  0  2  0  0  0/0    19:58   1:06   0:18 
Gabriel Landeskog        0  1  1  -1  0   3  0  0  0  0  0/2    19:28   1:12   0:36 
Gilbert Brule            0  0  0   0  0   2  1  2  2  0  1/3    12:13   0:00   0:00 
Jean-Gabriel Pageau      0  0  0  -2  4   0  1  0  0  0  7/11   15:53   0:57   0:00 
Jeff Schultz             1  0  1  -1  0   2  0  3  0  0  0/0    22:07   0:10   3:50 
Matt Martin              0  0  0   0  2   1  1  0  0  0  0/1    11:31   0:57   0:00 
Nick Leddy               0  0  0  -1  0   1  1  1  0  0  0/0    16:51   1:16   0:00 
Nikita Kucherov          0  2  2  -1  0   2  0  0  0  0  1/5    18:45   1:12   0:00 
Patrick Eaves            0  0  0   1  0   1  2  0  0  0  0/0     8:58   0:00   0:00 
Peter Regin              0  1  1   1  0   1  2  0  0  0  2/3    10:06   0:00   1:07 
Ryan Murray              0  1  1  -1  0   3  3  2  0  0  0/0    21:10   0:53   1:51 
Shea Weber               0  0  0   0  0   3  2  1  0  0  0/0    21:12   0:53   1:51 

Players Stats for Red Wings

Player Name              G  A  P  +/- PIM S  H  SB GA TA FO     MP     PP MP  PK MP  
------------------------------------------------------------------------------------
Alex Picard              2  0  2   1  0   5  1  0  0  0  2/2    21:04   3:15   0:37 
Anton Volchenkov         0  0  0   0  0   1  1  1  0  2  0/0    15:31   0:00   1:14 
Carson Mcmillan          0  0  0   0  0   1  0  0  0  0  0/0    12:15   0:00   1:00 
Chris Kelly              0  0  0   0  0   2  4  0  0  0  3/6    12:15   0:00   1:00 
Connor Brown             1  3  4   1  0   3  1  0  1  0  1/1    20:27   3:15   0:00 
David Krejci             0  0  0   0  0   3  1  0  0  1  1/2    10:00   0:00   0:00 
Jiri Fischer             0  0  0   0  0   2  1  0  0  0  0/0    19:04   1:52   0:55 
Jordin Tootoo            0  0  0   0  0   1  0  0  0  0  0/0    12:11   2:26   0:00 
Karl Alzner              0  1  1   0  0   2  1  0  0  0  0/0    21:17   3:49   1:09 
Michael Haley            0  0  0   0  0   0  2  1  1  0  0/0    11:41   0:00   0:22 
Mike Richards            0  1  1   1  0   3  3  2  1  0  19/35  21:11   3:15   0:44 
Nick Bjugstad            1  3  4   1  0   4  1  0  0  0  8/19   16:08   2:26   0:03 
Petr Pohl                1  1  2   1  2   3  0  0  0  1  1/1    13:53   0:00   0:00 
Petter Granberg          0  0  0   0  0   3  0  1  0  0  0/0    17:20   1:52   1:00 
Philip Samuelsson        1  3  4   2  2   3  0  2  1  0  0/0    25:28   3:49   0:00 
Riley Armstrong          0  0  0   0  0   0  1  0  1  0  1/1    10:36   0:00   0:32 
Ryan O'Byrne             0  0  0   2  0   0  0  1  0  2  0/0    21:23   0:00   0:00 
Teuvo Teravainen         1  1  2   1  0   3  0  0  0  0  2/2    16:05   2:26   0:00 

3 Stars

1 - Nick Bjugstad (Det)
2 - Connor Brown (Det)
3 - Philip Samuelsson (Det)

Power Play

Kings - 1 on 2 Attempt(s) - 50.00%
Red Wings - 3 on 6 Attempt(s) - 50.00%

Penalty Kill

Kings - 3 on 6 Attempt(s) - 50.00% - Score 0 goal in Penalty Kill
Red Wings - 1 on 2 Attempt(s) - 50.00% - Score 0 goal in Penalty Kill

Team Stat

Kings - Hits : 19 - Faceoff Wins : 31 - Blocked Shots : 14 - Penalty Minutes : 12
Red Wings - Hits : 17 - Faceoff Wins : 38 - Blocked Shots : 8 - Penalty Minutes : 4

Official

Referees : Unknown
Linesman : Unknown

Game Notes

Clarke MacArthur is injured at 13:29 of 3rd period (Bruised Left Arm)

Finance

Level 1 -- Attendance: 5367 (89.45%) -- Ticket Income $574,269
Level 2 -- Attendance: 3512 (70.24%) -- Ticket Income $249,352
Level 3 -- Attendance: 1475 (73.75%) -- Ticket Income $70,800
Level 4 -- Attendance: 2822 (70.55%) -- Ticket Income $93,126
Luxury Box -- Attendance: 858 (85.80%) -- Ticket Income $163,020
Game was played at the Joe Louis Arena.
Total Attendance: 14034 (77.97%)
Total Ticket Income: $1,150,567
Other Income: $172,585
Total Income: $1,323,152

Kings

5 vs 5 Forward 
   Center                   Left Wing                Right Wing               Time % Phy DF OF 
 1 Anze Kopitar             Gabriel Landeskog        Nikita Kucherov          40     1   2  2  
 2 Jean-Gabriel Pageau      Clarke MacArthur         Blake Wheeler            35     1   2  2  
 3 Gilbert Brule            Matt Martin              Adam Burish              20     1   2  2  
 4 Peter Regin              Daniel Carcillo          Patrick Eaves            5      1   2  2  

5 vs 5 Defense 
   Defense                  Defense                                           Time % Phy DF OF 
 1 Jeff Schultz             Ryan Murray                                       35     1   2  2  
 2 Shea Weber               Dougie Hamilton                                   35     1   2  2  
 3 Darnell Nurse            Nick Leddy                                        30     1   2  2  
 4 Nick Leddy               Ryan Murray                                       0      1   2  2  

PowerPlay Forward 
   Center                   Left Wing                Right Wing               Time % Phy DF OF 
 1 Anze Kopitar             Gabriel Landeskog        Nikita Kucherov          60     1   2  2  
 2 Jean-Gabriel Pageau      Clarke MacArthur         Matt Martin              40     1   2  2  

PowerPlay Defense
   Defense                  Defense                                           Time % Phy DF OF 
 1 Dougie Hamilton          Nick Leddy                                        60     1   2  2  
 2 Shea Weber               Ryan Murray                                       40     1   2  2  

Penalty Kill 4 Players Forward 
   Center                   Wing                     Time % Phy DF OF 
 1 Blake Wheeler            Daniel Carcillo          60     1   2  2  
 2 Peter Regin              Adam Burish              40     1   2  2  

Penalty Kill 4 Players Defense
   Defense                  Defense                  Time % Phy DF OF 
 1 Jeff Schultz             Darnell Nurse            60     1   2  2  
 2 Ryan Murray              Shea Weber               40     1   2  2  

Penalty Kill - 3 Players Forward 
   Forward                                           Time % Phy DF OF 
 1 Blake Wheeler                                     60     1   2  2  
 2 Gabriel Landeskog                                 40     1   2  2  

Penalty Kill - 3 Players Defense
   Defense                  Defense                  Time % Phy DF OF 
 1 Jeff Schultz             Darnell Nurse            60     1   2  2  
 2 Ryan Murray              Shea Weber               40     1   2  2  

4 vs 4 Forward 
   Center                   Wing                     Time % Phy DF OF 
 1 Anze Kopitar             Jean-Gabriel Pageau      60     1   2  2  
 2 Gabriel Landeskog        Nikita Kucherov          40     1   2  2  

4 vs 4 Defense
   Defense                  Defense                  Time % Phy DF OF 
 1 Shea Weber               Ryan Murray              60     1   2  2  
 2 Darnell Nurse            Dougie Hamilton          40     1   2  2  

Last Minutes Offensive
   Center                   Left Wing                Right Wing               Defense                  Defense                  
   Anze Kopitar             Gabriel Landeskog        Nikita Kucherov          Dougie Hamilton          Nick Leddy               

Last Minutes Defensive
   Center                   Left Wing                Right Wing               Defense                  Defense                  
   Anze Kopitar             Gabriel Landeskog        Blake Wheeler            Jeff Schultz             Darnell Nurse            

Goaltenders
Starting : Jaroslav Halak           
Backup : John Gibson              

Extra Forwards
Normal : Anze Kopitar, Gilbert Brule, Jean-Gabriel Pageau - PP : Blake Wheeler, Daniel Carcillo - PK : Anze Kopitar
Extra Defensemen
Normal : Jeff Schultz, Darnell Nurse, Shea Weber - PP : Jeff Schultz - PK : Dougie Hamilton, Nick Leddy
Penalty Shots
Anze Kopitar, Clarke MacArthur, Gilbert Brule, Nikita Kucherov, Matt Martin

Scratches
None

Red Wings

5 vs 5 Forward 
   Center                   Left Wing                Right Wing               Time % Phy DF OF 
 1 Mike Richards            Alex Picard              Connor Brown             40     1   2  2  
 2 Nick Bjugstad            Teuvo Teravainen         Petr Pohl                30     1   2  2  
 3 David Krejci             Riley Armstrong          Jordin Tootoo            20     2   2  1  
 4 Chris Kelly              Michael Haley            Carson Mcmillan          10     0   3  2  

5 vs 5 Defense 
   Defense                  Defense                                           Time % Phy DF OF 
 1 Philip Samuelsson        Ryan O'Byrne                                      40     1   2  2  
 2 Karl Alzner              Jiri Fischer                                      30     1   2  2  
 3 Petter Granberg          Anton Volchenkov                                  20     1   2  2  
 4 Petter Granberg          Anton Volchenkov                                  10     1   2  2  

PowerPlay Forward 
   Center                   Left Wing                Right Wing               Time % Phy DF OF 
 1 Mike Richards            Alex Picard              Connor Brown             60     0   1  4  
 2 Nick Bjugstad            Teuvo Teravainen         Jordin Tootoo            40     0   1  4  

PowerPlay Defense
   Defense                  Defense                                           Time % Phy DF OF 
 1 Philip Samuelsson        Karl Alzner                                       60     0   2  3  
 2 Petter Granberg          Jiri Fischer                                      40     0   2  3  

Penalty Kill 4 Players Forward 
   Center                   Wing                     Time % Phy DF OF 
 1 Chris Kelly              Carson Mcmillan          60     1   2  2  
 2 Riley Armstrong          Michael Haley            40     1   2  2  

Penalty Kill 4 Players Defense
   Defense                  Defense                  Time % Phy DF OF 
 1 Anton Volchenkov         Petter Granberg          60     1   2  2  
 2 Jiri Fischer             Philip Samuelsson        40     1   2  2  

Penalty Kill - 3 Players Forward 
   Forward                                           Time % Phy DF OF 
 1 Carson Mcmillan                                   60     1   2  2  
 2 Michael Haley                                     40     1   2  2  

Penalty Kill - 3 Players Defense
   Defense                  Defense                  Time % Phy DF OF 
 1 Anton Volchenkov         Ryan O'Byrne             60     1   2  2  
 2 Jiri Fischer             Petter Granberg          40     1   2  2  

4 vs 4 Forward 
   Center                   Wing                     Time % Phy DF OF 
 1 Mike Richards            Connor Brown             60     1   2  2  
 2 Alex Picard              David Krejci             40     1   2  2  

4 vs 4 Defense
   Defense                  Defense                  Time % Phy DF OF 
 1 Philip Samuelsson        Ryan O'Byrne             60     1   2  2  
 2 Karl Alzner              Jiri Fischer             40     1   2  2  

Last Minutes Offensive
   Center                   Left Wing                Right Wing               Defense                  Defense                  
   Mike Richards            Alex Picard              Connor Brown             Philip Samuelsson        Karl Alzner              

Last Minutes Defensive
   Center                   Left Wing                Right Wing               Defense                  Defense                  
   Riley Armstrong          Michael Haley            Carson Mcmillan          Anton Volchenkov         Ryan O'Byrne             

Goaltenders
Starting : James Reimer             
Backup : Jean-Francois Berube     

Extra Forwards
Normal : Connor Brown, Nick Bjugstad, David Krejci - PP : David Krejci, Petr Pohl - PK : Mike Richards
Extra Defensemen
Normal : Philip Samuelsson, Karl Alzner, Anton Volchenkov - PP : Anton Volchenkov - PK : Karl Alzner, Petter Granberg
Penalty Shots
Mike Richards, Carson Mcmillan, Nick Bjugstad, Alex Picard, Jordin Tootoo

Scratches
Andrew Alberts (Healthy), Dany Heatley (Healthy), Jakub Kindl (Groin Injury), Josh Harding (Healthy)

% Time on Ice - Kings

Lines # - Real PCT - Wanted PCT - Time Play
Normal Forward
1 - 34% - 40% - 17:33
2 - 29% - 35% - 14:58
3 - 20% - 20% - 10:41
4 - 17% - 5% - 8:58
Normal Defense
1 - 36% - 35% - 18:33
2 - 35% - 35% - 18:28
3 - 29% - 30% - 15:09
4 - 0% - 0% - 0:00
PP Forward
1 - 56% - 60% - 1:12
2 - 44% - 40% - 0:57
PP Defense
1 - 59% - 60% - 1:16
2 - 41% - 40% - 0:53
PK Forward
1 - 80% - 60% - 4:34
2 - 20% - 40% - 1:07
PK Defense
1 - 67% - 60% - 3:50
2 - 33% - 40% - 1:51
PK3 Forward
1 - 0% - 60%
2 - 0% - 40%
PK3 Defense
1 - 0% - 60%
2 - 0% - 40%
44 Forward
1 - 0% - 60%
2 - 0% - 40%
44 Defense
1 - 0% - 60%
2 - 0% - 40%
Last Minute Offensive  - 0:00
Last Minute Defensive  - 0:00
Total
Forward - 60:00
Defense - 60:00

% Time on Ice - Red Wings

Lines # - Real PCT - Wanted PCT - Time Play
Normal Forward
1 - 33% - 40% - 17:12
2 - 26% - 30% - 13:43
3 - 19% - 20% - 10:00
4 - 22% - 10% - 11:15
Normal Defense
1 - 42% - 40% - 21:56
2 - 31% - 30% - 16:21
3 - 19% - 20% - 9:41
4 - 8% - 10% - 4:12
PP Forward
1 - 57% - 60% - 3:15
2 - 43% - 40% - 2:26
PP Defense
1 - 67% - 60% - 3:49
2 - 33% - 40% - 1:52
PK Forward
1 - 75% - 60% - 1:37
2 - 25% - 40% - 0:32
PK Defense
1 - 47% - 60% - 1:00
2 - 53% - 40% - 1:09
PK3 Forward
1 - 0% - 60%
2 - 0% - 40%
PK3 Defense
1 - 0% - 60%
2 - 0% - 40%
44 Forward
1 - 0% - 60%
2 - 0% - 40%
44 Defense
1 - 0% - 60%
2 - 0% - 40%
Last Minute Offensive  - 0:00
Last Minute Defensive  - 0:00
Total
Forward - 60:00
Defense - 60:00

Play-by-Play

1st period


0:01 of 1st period - Mike Richards wins face-off versus Nikita Kucherov in neutral zone.
0:14 of 1st period - Snap shot by Mike Richards.
0:14 of 1st period - Stopped by Jaroslav Halak without a rebound.
0:15 of 1st period - Jean-Gabriel Pageau wins face-off versus Nick Bjugstad in Kings zone.
0:26 of 1st period - Snap shot by Clarke MacArthur.
0:26 of 1st period - Stopped by James Reimer without a rebound.
0:27 of 1st period - David Krejci wins face-off versus Gilbert Brule in Red Wings zone.
0:54 of 1st period - Clarke MacArthur is hit by Michael Haley and loses puck.
1:27 of 1st period - Nick Leddy is hit by Mike Richards and loses puck.
1:38 of 1st period - Jiri Fischer is hit by Darnell Nurse.
2:22 of 1st period - Icing by Michael Haley.
2:23 of 1st period - Chris Kelly wins face-off versus Jean-Gabriel Pageau in Red Wings zone.
3:36 of 1st period - Slapshot by Shea Weber.
3:36 of 1st period - Stopped by James Reimer with a rebound.
3:38 of 1st period - Wrist shot by Jean-Gabriel Pageau.
3:38 of 1st period - Shot Blocked by Anton Volchenkov.
3:50 of 1st period - Snap shot by Chris Kelly.
3:50 of 1st period - Stopped by Jaroslav Halak without a rebound.
3:51 of 1st period - Mike Richards wins face-off versus Anze Kopitar in Kings zone.
3:52 of 1st period - Wrist shot by Connor Brown.
3:52 of 1st period - Shot Misses the Net.
3:54 of 1st period - Slapshot by Philip Samuelsson.
3:54 of 1st period - Goal by Philip Samuelsson - Kings : 0 - Red Wings : 1.
3:55 of 1st period - Anze Kopitar wins face-off versus Mike Richards in neutral zone.
4:22 of 1st period - Alex Picard is hit by Peter Regin and loses puck.
4:29 of 1st period - Snap shot by Peter Regin.
4:29 of 1st period - Shot Hit the Post.
4:31 of 1st period - Wrist shot by Daniel Carcillo.
4:31 of 1st period - Stopped by James Reimer with a rebound.
5:16 of 1st period - Wrist shot by Jordin Tootoo.
5:16 of 1st period - Shot Misses the Net.
5:55 of 1st period - Wrist shot by Shea Weber.
5:55 of 1st period - Stopped by James Reimer with a rebound.
6:04 of 1st period - Off-side.
6:05 of 1st period - Mike Richards wins face-off versus Matt Martin in neutral zone.
6:32 of 1st period - Snap shot by Nick Bjugstad.
6:32 of 1st period - Stopped by Jaroslav Halak without a rebound.
6:33 of 1st period - Nick Bjugstad wins face-off versus Anze Kopitar in Kings zone.
6:42 of 1st period - Wrist shot by Nikita Kucherov.
6:42 of 1st period - Shot Misses the Net.
7:31 of 1st period - Wrist shot by Gilbert Brule.
7:31 of 1st period - Stopped by James Reimer without a rebound.
7:32 of 1st period - Connor Brown wins face-off versus Anze Kopitar in Red Wings zone.
7:44 of 1st period - Wrist shot by Mike Richards.
7:44 of 1st period - Stopped by Jaroslav Halak without a rebound.
7:45 of 1st period - Nick Bjugstad wins face-off versus Nikita Kucherov in Kings zone.
8:00 of 1st period - Wrist shot by Anze Kopitar.
8:00 of 1st period - Stopped by James Reimer with a rebound.
8:43 of 1st period - Wrist shot by David Krejci.
8:43 of 1st period - Stopped by Jaroslav Halak without a rebound.
8:44 of 1st period - Anze Kopitar wins face-off versus Mike Richards in Kings zone.
8:50 of 1st period - Off-side.
8:51 of 1st period - Mike Richards wins face-off versus Anze Kopitar in neutral zone.
8:53 of 1st period - Off-side.
8:54 of 1st period - Anze Kopitar wins face-off versus Mike Richards in neutral zone.
9:11 of 1st period - Wrist shot by Mike Richards.
9:11 of 1st period - Shot Misses the Net.
9:37 of 1st period - Gabriel Landeskog is hit by Mike Richards and loses puck.
10:04 of 1st period - Wrist shot by Nikita Kucherov.
10:04 of 1st period - Stopped by James Reimer without a rebound.
10:05 of 1st period - Nick Bjugstad wins face-off versus Jean-Gabriel Pageau in Red Wings zone.
10:12 of 1st period - Snap shot by Nick Bjugstad.
10:12 of 1st period - Stopped by Jaroslav Halak without a rebound.
10:13 of 1st period - Jean-Gabriel Pageau wins face-off versus Nick Bjugstad in Kings zone.
10:44 of 1st period - Wrist shot by Gilbert Brule.
10:44 of 1st period - Stopped by James Reimer with a rebound.
11:01 of 1st period - Off-side.
11:02 of 1st period - Peter Regin wins face-off versus Chris Kelly in neutral zone.
11:21 of 1st period - Nick Leddy is hit by Chris Kelly and loses puck.
11:28 of 1st period - Peter Regin is hit by Chris Kelly and loses puck.
11:43 of 1st period - Wrist shot by Peter Regin.
11:43 of 1st period - Shot Misses the Net.
11:45 of 1st period - Slapshot by Ryan Murray.
11:45 of 1st period - Deflect By Michael Haley.
11:45 of 1st period - Stopped by James Reimer with a rebound.
11:47 of 1st period - Slapshot by Ryan Murray.
11:47 of 1st period - Stopped by James Reimer without a rebound.
11:48 of 1st period - Nick Bjugstad wins face-off versus Gabriel Landeskog in Red Wings zone.
12:40 of 1st period - David Krejci is hit by Gilbert Brule and loses puck.
12:57 of 1st period - Nikita Kucherov is hit by Mike Richards and loses puck.
13:11 of 1st period - Off-side.
13:12 of 1st period - Peter Regin wins face-off versus Chris Kelly in neutral zone.
13:15 of 1st period - Backhand shot by Shea Weber.
13:15 of 1st period - Shot Blocked by Michael Haley.
13:21 of 1st period - Shea Weber is hit by Chris Kelly and loses puck.
13:26 of 1st period - Snap shot by Chris Kelly.
13:26 of 1st period - Shot Misses the Net.
13:36 of 1st period - Philip Samuelsson is hit by Daniel Carcillo and loses puck.
14:25 of 1st period - Ryan O'Byrne is hit by Patrick Eaves and loses puck.
14:58 of 1st period - Philip Samuelsson is hit by Shea Weber and loses puck.
15:39 of 1st period - Snap shot by Peter Regin.
15:39 of 1st period - Stopped by James Reimer without a rebound.
15:40 of 1st period - Nick Bjugstad wins face-off versus Anze Kopitar in Red Wings zone.
15:42 of 1st period - Minor Penalty to Petr Pohl for Interference.
15:43 of 1st period - Riley Armstrong wins face-off versus Gabriel Landeskog in Red Wings zone.
15:50 of 1st period - Wrist shot by Anze Kopitar.
15:50 of 1st period - Shot Misses the Net.
15:52 of 1st period - Backhand shot by Jeff Schultz.
15:52 of 1st period - Goal by Jeff Schultz - Kings : 1 - Red Wings : 1.
15:53 of 1st period - Nick Bjugstad wins face-off versus Anze Kopitar in neutral zone.
16:02 of 1st period - Slapshot by Petr Pohl.
16:02 of 1st period - Shot Misses the Net.
16:45 of 1st period - Jiri Fischer is hit by Matt Martin and loses puck.
17:06 of 1st period - Karl Alzner is hit by Ryan Murray and loses puck.
18:17 of 1st period - Wrist shot by Riley Armstrong.
18:17 of 1st period - Shot Blocked by Jeff Schultz.
18:53 of 1st period - Peter Regin is hit by Michael Haley and loses puck.
19:42 of 1st period - Carson Mcmillan is hit by Ryan Murray and loses puck.
19:47 of 1st period - Snap shot by Clarke MacArthur.
19:47 of 1st period - Shot Misses the Net.
Goals for this period are 1 for Kings vs 1 for Red Wings.
Shots for this period are 12 for Kings vs 7 for Red Wings.

2nd period


0:01 of 2nd period - Anze Kopitar wins face-off versus Mike Richards in neutral zone.
0:14 of 2nd period - Snap shot by Ryan Murray.
0:14 of 2nd period - Shot Hit the Post.
0:16 of 2nd period - Snap shot by Gabriel Landeskog.
0:16 of 2nd period - Stopped by James Reimer without a rebound.
0:17 of 2nd period - Jean-Gabriel Pageau wins face-off versus Nick Bjugstad in Red Wings zone.
0:20 of 2nd period - Slapshot by Ryan Murray.
0:20 of 2nd period - Stopped by James Reimer with a rebound.
1:37 of 2nd period - Wrist shot by David Krejci.
1:37 of 2nd period - Stopped by Jaroslav Halak with a rebound.
1:52 of 2nd period - Off-side.
1:53 of 2nd period - Jean-Gabriel Pageau wins face-off versus Nick Bjugstad in neutral zone.
1:56 of 2nd period - Slapshot by Shea Weber.
1:56 of 2nd period - Stopped by James Reimer with a rebound.
2:20 of 2nd period - Shea Weber is hit by Alex Picard and loses puck.
2:31 of 2nd period - Wrist shot by Connor Brown.
2:31 of 2nd period - Shot Misses the Net.
2:49 of 2nd period - Anze Kopitar is hit by Anton Volchenkov and loses puck.
3:00 of 2nd period - Wrist shot by Anze Kopitar.
3:00 of 2nd period - Shot Blocked by Philip Samuelsson.
3:05 of 2nd period - Off-side.
3:06 of 2nd period - Mike Richards wins face-off versus Gilbert Brule in neutral zone.
3:31 of 2nd period - Karl Alzner is hit by Ryan Murray and loses puck.
4:42 of 2nd period - Snap shot by Matt Martin.
4:42 of 2nd period - Stopped by James Reimer without a rebound.
4:43 of 2nd period - Mike Richards wins face-off versus Anze Kopitar in Red Wings zone.
4:56 of 2nd period - Snap shot by Connor Brown.
4:56 of 2nd period - Stopped by Jaroslav Halak with a rebound.
4:58 of 2nd period - Minor Penalty to Darnell Nurse for Tripping.
4:59 of 2nd period - Mike Richards wins face-off versus Blake Wheeler in Kings zone.
5:08 of 2nd period - Snap shot by Connor Brown.
5:08 of 2nd period - Shot Misses the Net.
5:10 of 2nd period - Slapshot by Alex Picard.
5:10 of 2nd period - Shot Blocked by Dougie Hamilton.
5:12 of 2nd period - Wrist shot by Karl Alzner.
5:12 of 2nd period - Stopped by Jaroslav Halak with a rebound.
5:14 of 2nd period - Snap shot by Philip Samuelsson.
5:14 of 2nd period - Shot Misses the Net.
5:16 of 2nd period - Wrist shot by Connor Brown.
5:16 of 2nd period - Goal by Connor Brown - Kings : 1 - Red Wings : 2.
5:17 of 2nd period - Anze Kopitar wins face-off versus Mike Richards in neutral zone.
5:22 of 2nd period - Wrist shot by Anze Kopitar.
5:22 of 2nd period - Stopped by James Reimer without a rebound.
5:23 of 2nd period - Anze Kopitar wins face-off versus Mike Richards in Red Wings zone.
6:48 of 2nd period - Nick Leddy is hit by Jiri Fischer and loses puck.
7:05 of 2nd period - Snap shot by Chris Kelly.
7:05 of 2nd period - Shot Blocked by Nick Leddy.
7:25 of 2nd period - Snap shot by Blake Wheeler.
7:25 of 2nd period - Deflect By Philip Samuelsson.
7:25 of 2nd period - Shot Misses the Net.
7:25 of 2nd period - Puck is out of play.
7:26 of 2nd period - Mike Richards wins face-off versus Jean-Gabriel Pageau in Red Wings zone.
7:26 of 2nd period - Mike Richards is hit by Jean-Gabriel Pageau.
7:56 of 2nd period - Snap shot by Clarke MacArthur.
7:56 of 2nd period - Stopped by James Reimer with a rebound.
7:58 of 2nd period - Snap shot by Blake Wheeler.
7:58 of 2nd period - Shot Blocked by Petter Granberg.
8:24 of 2nd period - Slapshot by Connor Brown.
8:24 of 2nd period - Shot Misses the Net.
8:36 of 2nd period - Wrist shot by Connor Brown.
8:36 of 2nd period - Shot Misses the Net.
8:44 of 2nd period - Snap shot by Alex Picard.
8:44 of 2nd period - Shot Blocked by Jeff Schultz.
8:46 of 2nd period - Slapshot by Petter Granberg.
8:46 of 2nd period - Shot Blocked by Blake Wheeler.
8:48 of 2nd period - Wrist shot by Alex Picard.
8:48 of 2nd period - Shot Blocked by Ryan Murray.
8:50 of 2nd period - Backhand shot by Connor Brown.
8:50 of 2nd period - Stopped by Jaroslav Halak with a rebound.
8:52 of 2nd period - Slapshot by Anton Volchenkov.
8:52 of 2nd period - Stopped by Jaroslav Halak with a rebound.
8:54 of 2nd period - Slapshot by Petter Granberg.
8:54 of 2nd period - Stopped by Jaroslav Halak with a rebound.
8:56 of 2nd period - Snap shot by Alex Picard.
8:56 of 2nd period - Stopped by Jaroslav Halak with a rebound.
9:02 of 2nd period - Slapshot by Alex Picard.
9:02 of 2nd period - Shot Misses the Net.
9:04 of 2nd period - Slapshot by Petter Granberg.
9:04 of 2nd period - Shot Misses the Net.
9:06 of 2nd period - Wrist shot by Petter Granberg.
9:06 of 2nd period - Stopped by Jaroslav Halak with a rebound.
9:08 of 2nd period - Snap shot by Connor Brown.
9:08 of 2nd period - Shot Misses the Net.
9:10 of 2nd period - Slapshot by Alex Picard.
9:10 of 2nd period - Stopped by Jaroslav Halak with a rebound.
9:16 of 2nd period - Slapshot by Connor Brown.
9:16 of 2nd period - Deflect By Mike Richards.
9:16 of 2nd period - Shot Misses the Net.
9:16 of 2nd period - Puck is out of play.
9:17 of 2nd period - Nick Bjugstad wins face-off versus Anze Kopitar in Kings zone.
9:18 of 2nd period - Snap shot by Petr Pohl.
9:18 of 2nd period - Shot Hit the Post.
9:24 of 2nd period - Slapshot by Gabriel Landeskog.
9:24 of 2nd period - Shot Misses the Net.
9:26 of 2nd period - Snap shot by Gabriel Landeskog.
9:26 of 2nd period - Shot Misses the Net.
9:28 of 2nd period - Slapshot by Nikita Kucherov.
9:28 of 2nd period - Shot Blocked by Ryan O'Byrne.
9:30 of 2nd period - Snap shot by Anze Kopitar.
9:30 of 2nd period - Goal by Anze Kopitar - Kings : 2 - Red Wings : 2.
9:31 of 2nd period - Teuvo Teravainen wins face-off versus Anze Kopitar in neutral zone.
9:34 of 2nd period - Nikita Kucherov is hit by Nick Bjugstad and loses puck.
9:39 of 2nd period - Snap shot by Teuvo Teravainen.
9:39 of 2nd period - Stopped by Jaroslav Halak without a rebound.
9:40 of 2nd period - Anze Kopitar wins face-off versus Nick Bjugstad in Kings zone.
9:54 of 2nd period - Slapshot by Karl Alzner.
9:54 of 2nd period - Stopped by Jaroslav Halak with a rebound.
9:56 of 2nd period - Snap shot by Petr Pohl.
9:56 of 2nd period - Shot Blocked by Dougie Hamilton.
9:58 of 2nd period - Snap shot by Nick Bjugstad.
9:58 of 2nd period - Shot Misses the Net.
10:00 of 2nd period - Snap shot by Karl Alzner.
10:00 of 2nd period - Deflect By Petr Pohl.
10:00 of 2nd period - Stopped by Jaroslav Halak with a rebound.
10:02 of 2nd period - Snap shot by Petr Pohl.
10:02 of 2nd period - Stopped by Jaroslav Halak without a rebound.
10:03 of 2nd period - Gilbert Brule wins face-off versus David Krejci in Kings zone.
10:25 of 2nd period - Icing by Matt Martin.
10:26 of 2nd period - Anze Kopitar wins face-off versus Nick Bjugstad in Kings zone.
10:34 of 2nd period - Icing by Karl Alzner.
10:35 of 2nd period - Anze Kopitar wins face-off versus Nick Bjugstad in Red Wings zone.
11:32 of 2nd period - Backhand shot by Philip Samuelsson.
11:32 of 2nd period - Stopped by Jaroslav Halak without a rebound.
11:33 of 2nd period - Nick Bjugstad wins face-off versus Daniel Carcillo in Kings zone.
11:34 of 2nd period - Wrist shot by Teuvo Teravainen.
11:34 of 2nd period - Stopped by Jaroslav Halak without a rebound.
11:35 of 2nd period - Petr Pohl wins face-off versus Anze Kopitar in Kings zone.
12:21 of 2nd period - Icing by Teuvo Teravainen.
12:22 of 2nd period - Jean-Gabriel Pageau wins face-off versus Nick Bjugstad in Red Wings zone.
12:29 of 2nd period - Snap shot by Teuvo Teravainen.
12:29 of 2nd period - Goal by Teuvo Teravainen - Kings : 2 - Red Wings : 3.
12:30 of 2nd period - Anze Kopitar wins face-off versus Mike Richards in neutral zone.
12:37 of 2nd period - Slapshot by Gabriel Landeskog.
12:37 of 2nd period - Stopped by James Reimer with a rebound.
12:39 of 2nd period - Slapshot by Nick Leddy.
12:39 of 2nd period - Shot Blocked by Mike Richards.
12:41 of 2nd period - Snap shot by Nikita Kucherov.
12:41 of 2nd period - Stopped by James Reimer with a rebound.
13:03 of 2nd period - Wrist shot by Jordin Tootoo.
13:03 of 2nd period - Stopped by Jaroslav Halak without a rebound.
13:04 of 2nd period - Blake Wheeler wins face-off versus Nick Bjugstad in Kings zone.
13:10 of 2nd period - Wrist shot by Petr Pohl.
13:10 of 2nd period - Shot Misses the Net.
13:12 of 2nd period - Snap shot by Nick Bjugstad.
13:12 of 2nd period - Stopped by Jaroslav Halak with a rebound.
13:14 of 2nd period - Slapshot by Philip Samuelsson.
13:14 of 2nd period - Stopped by Jaroslav Halak with a rebound.
13:16 of 2nd period - Slapshot by Petr Pohl.
13:16 of 2nd period - Goal by Petr Pohl - Kings : 2 - Red Wings : 4.
13:17 of 2nd period - Anze Kopitar wins face-off versus Mike Richards in neutral zone.
14:09 of 2nd period - Karl Alzner is hit by Adam Burish and loses puck.
14:54 of 2nd period - Wrist shot by Petr Pohl.
14:54 of 2nd period - Shot Misses the Net.
15:27 of 2nd period - Jordin Tootoo is hit by Clarke MacArthur and loses puck.
17:50 of 2nd period - Icing by Ryan O'Byrne.
17:51 of 2nd period - Anze Kopitar wins face-off versus Chris Kelly in Red Wings zone.
18:06 of 2nd period - Wrist shot by Anze Kopitar.
18:06 of 2nd period - Shot Misses the Net.
18:08 of 2nd period - Slapshot by Darnell Nurse.
18:08 of 2nd period - Stopped by James Reimer with a rebound.
18:28 of 2nd period - Slapshot by Nick Leddy.
18:28 of 2nd period - Stopped by James Reimer without a rebound.
18:29 of 2nd period - Anze Kopitar wins face-off versus Mike Richards in Red Wings zone.
18:32 of 2nd period - Wrist shot by Anze Kopitar.
18:32 of 2nd period - Stopped by James Reimer with a rebound.
18:38 of 2nd period - Snap shot by Mike Richards.
18:38 of 2nd period - Shot Misses the Net.
18:40 of 2nd period - Snap shot by Mike Richards.
18:40 of 2nd period - Stopped by Jaroslav Halak without a rebound.
18:41 of 2nd period - Mike Richards wins face-off versus Anze Kopitar in Kings zone.
19:10 of 2nd period - Wrist shot by Nick Bjugstad.
19:10 of 2nd period - Goal by Nick Bjugstad - Kings : 2 - Red Wings : 5.
19:11 of 2nd period - Anze Kopitar wins face-off versus Mike Richards in neutral zone.
19:21 of 2nd period - Off-side.
19:22 of 2nd period - Jean-Gabriel Pageau wins face-off versus Mike Richards in neutral zone.
19:24 of 2nd period - Minor Penalty to Jean-Gabriel Pageau for Diving.
19:25 of 2nd period - Mike Richards wins face-off versus Blake Wheeler in Kings zone.
Goals for this period are 1 for Kings vs 4 for Red Wings.
Shots for this period are 12 for Kings vs 23 for Red Wings.

3rd period


0:01 of 3rd period - Mike Richards wins face-off versus Blake Wheeler in neutral zone.
1:24 of 3rd period - Penalty to Jean-Gabriel Pageau is over, Jean-Gabriel Pageau is back on ice.
2:12 of 3rd period - Minor Penalty to Philip Samuelsson for Hooking.
2:13 of 3rd period - Chris Kelly wins face-off versus Anze Kopitar in Red Wings zone.
2:28 of 3rd period - Backhand shot by Chris Kelly.
2:28 of 3rd period - Stopped by Jaroslav Halak with a rebound.
2:50 of 3rd period - Slapshot by Jean-Gabriel Pageau.
2:50 of 3rd period - Shot Misses the Net.
4:12 of 3rd period - Penalty to Philip Samuelsson is over, Philip Samuelsson is back on ice.
4:26 of 3rd period - Petr Pohl is hit by Nick Leddy and loses puck.
4:37 of 3rd period - Minor Penalty to Adam Burish for Hooking.
4:38 of 3rd period - Mike Richards wins face-off versus Blake Wheeler in Kings zone.
5:11 of 3rd period - Slapshot by Karl Alzner.
5:11 of 3rd period - Shot Blocked by Ryan Murray.
5:13 of 3rd period - Slapshot by Philip Samuelsson.
5:13 of 3rd period - Deflect By Jordin Tootoo.
5:13 of 3rd period - Shot Misses the Net.
5:13 of 3rd period - Puck is out of play.
5:14 of 3rd period - Teuvo Teravainen wins face-off versus Peter Regin in Kings zone.
5:49 of 3rd period - Wrist shot by Alex Picard.
5:49 of 3rd period - Goal by Alex Picard - Kings : 2 - Red Wings : 6.
5:50 of 3rd period - Mike Richards wins face-off versus Nikita Kucherov in neutral zone.
5:55 of 3rd period - Shea Weber is hit by Connor Brown and loses puck.
6:42 of 3rd period - Snap shot by David Krejci.
6:42 of 3rd period - Stopped by Jaroslav Halak with a rebound.
6:44 of 3rd period - Wrist shot by David Krejci.
6:44 of 3rd period - Shot Blocked by Gilbert Brule.
6:46 of 3rd period - Wrist shot by Riley Armstrong.
6:46 of 3rd period - Shot Blocked by Gilbert Brule.
7:02 of 3rd period - Jeff Schultz is hit by Chris Kelly and loses puck.
7:19 of 3rd period - Nick Bjugstad is hit by Peter Regin and loses puck.
7:34 of 3rd period - Wrist shot by Daniel Carcillo.
7:34 of 3rd period - Goal by Daniel Carcillo - Kings : 3 - Red Wings : 6.
7:35 of 3rd period - Nikita Kucherov wins face-off versus Mike Richards in neutral zone.
7:40 of 3rd period - Wrist shot by Gabriel Landeskog.
7:40 of 3rd period - Deflect By Nikita Kucherov.
7:40 of 3rd period - Shot Blocked by Mike Richards.
7:40 of 3rd period - Puck is out of play.
7:41 of 3rd period - Mike Richards wins face-off versus Nikita Kucherov in Red Wings zone.
8:08 of 3rd period - Philip Samuelsson is hit by Clarke MacArthur and loses puck.
8:19 of 3rd period - Wrist shot by Blake Wheeler.
8:19 of 3rd period - Stopped by James Reimer without a rebound.
8:20 of 3rd period - Alex Picard wins face-off versus Anze Kopitar in Red Wings zone.
8:26 of 3rd period - Off-side.
8:27 of 3rd period - Alex Picard wins face-off versus Anze Kopitar in neutral zone.
8:32 of 3rd period - Slapshot by Jiri Fischer.
8:32 of 3rd period - Stopped by Jaroslav Halak without a rebound.
8:33 of 3rd period - Jean-Gabriel Pageau wins face-off versus Mike Richards in Kings zone.
8:35 of 3rd period - Minor Penalty to Jean-Gabriel Pageau for Hooking.
8:36 of 3rd period - Blake Wheeler wins face-off versus Mike Richards in Kings zone.
8:41 of 3rd period - Icing by Philip Samuelsson.
8:42 of 3rd period - Mike Richards wins face-off versus Blake Wheeler in Red Wings zone.
10:35 of 3rd period - Penalty to Jean-Gabriel Pageau is over, Jean-Gabriel Pageau is back on ice.
10:48 of 3rd period - Karl Alzner is hit by Shea Weber and loses puck.
10:55 of 3rd period - Snap shot by Anze Kopitar.
10:55 of 3rd period - Deflect By Gabriel Landeskog.
10:55 of 3rd period - Stopped by James Reimer with a rebound.
11:39 of 3rd period - Icing by Adam Burish.
11:40 of 3rd period - Chris Kelly wins face-off versus Blake Wheeler in Kings zone.
11:52 of 3rd period - Minor Penalty to Clarke MacArthur for Hooking.
11:53 of 3rd period - Blake Wheeler wins face-off versus Mike Richards in Kings zone.
12:05 of 3rd period - Snap shot by Alex Picard.
12:05 of 3rd period - Goal by Alex Picard - Kings : 3 - Red Wings : 7.
12:06 of 3rd period - Mike Richards wins face-off versus Anze Kopitar in neutral zone.
13:00 of 3rd period - Teuvo Teravainen is hit by Darnell Nurse and loses puck.
13:25 of 3rd period - Slapshot by Petter Granberg.
13:25 of 3rd period - Stopped by Jaroslav Halak with a rebound.
13:27 of 3rd period - Wrist shot by Carson Mcmillan.
13:27 of 3rd period - Stopped by Jaroslav Halak with a rebound.
13:29 of 3rd period - Wrist shot by Ryan O'Byrne.
13:29 of 3rd period - Shot Blocked by Clarke MacArthur.
13:29 of 3rd period - Clarke MacArthur from Kings is injured at 13:29 of 3rd period (Bruised Left Arm).
13:30 of 3rd period - Mike Richards wins face-off versus Jean-Gabriel Pageau in Kings zone.
13:31 of 3rd period - Wrist shot by Alex Picard.
13:31 of 3rd period - Shot Blocked by Jeff Schultz.
14:04 of 3rd period - Backhand shot by Philip Samuelsson.
14:04 of 3rd period - Deflect By Nick Bjugstad.
14:04 of 3rd period - Shot Blocked by Shea Weber.
14:04 of 3rd period - Puck is out of play.
14:05 of 3rd period - Anze Kopitar wins face-off versus Nick Bjugstad in Kings zone.
15:02 of 3rd period - Snap shot by Chris Kelly.
15:02 of 3rd period - Shot Blocked by Blake Wheeler.
16:25 of 3rd period - Slapshot by Jiri Fischer.
16:25 of 3rd period - Stopped by Jaroslav Halak without a rebound.
16:26 of 3rd period - Anze Kopitar wins face-off versus Nick Bjugstad in Kings zone.
17:03 of 3rd period - Off-side.
17:04 of 3rd period - Anze Kopitar wins face-off versus Mike Richards in neutral zone.
17:41 of 3rd period - Gilbert Brule is hit by David Krejci and loses puck.
17:54 of 3rd period - Carson Mcmillan is hit by Patrick Eaves.
17:58 of 3rd period - Snap shot by Patrick Eaves.
17:58 of 3rd period - Stopped by James Reimer with a rebound.
18:00 of 3rd period - Snap shot by Daniel Carcillo.
18:00 of 3rd period - Deflect By Peter Regin.
18:00 of 3rd period - Shot Blocked by Philip Samuelsson.
18:00 of 3rd period - Puck is out of play.
18:01 of 3rd period - Mike Richards wins face-off versus Anze Kopitar in Red Wings zone.
18:11 of 3rd period - Snap shot by Connor Brown.
18:11 of 3rd period - Shot Misses the Net.
18:13 of 3rd period - Wrist shot by Alex Picard.
18:13 of 3rd period - Stopped by Jaroslav Halak without a rebound.
18:14 of 3rd period - Mike Richards wins face-off versus Anze Kopitar in Kings zone.
19:03 of 3rd period - Peter Regin is hit by Riley Armstrong and loses puck.
19:14 of 3rd period - Slapshot by Jeff Schultz.
19:14 of 3rd period - Deflect By Karl Alzner.
19:14 of 3rd period - Stopped by James Reimer with a rebound.
19:30 of 3rd period - Ryan Murray is hit by Karl Alzner and loses puck.
Goals for this period are 1 for Kings vs 2 for Red Wings.
Shots for this period are 5 for Kings vs 9 for Red Wings.
0:00 - Minor Penalty to Matt Martin for Interference.